[Event "HUN-chT Youth-Children 2018"]
[Site "Zalakaros"]
[Date "2018.07.27"]
[Round "3"]
[White "Czupor, Attila"]
[Black "Margl, Roland"]
[Result "0-1"]
[ECO "C00"]
[WhiteElo "2239"]
[BlackElo "2183"]
[Annotator "NA"]
[PlyCount "128"]
[EventDate "2018.07.26"]
[EventType "team-tourn"]
[EventCountry "HUN"]
[SourceTitle "playchess.com"]
[Source "ChessBase"]
[SourceQuality "1"]
[TimeControl "5400+30"]

1. e4 e6 2. d4 d5 3. Bd3 dxe4 4. Bxe4 Nf6 5. Bd3 c5 6. Nf3 {[%emt 0:03:49] C01: French: Exchange Variation} Nc6 7. dxc5 Bxc5 8. O-O Nb4 (8... Qc7 9. Nc3 Bd7 10. a3 a6 11. Ne4 Ba7 {0-1 (62) Ruiz Sanchez,O (2455)-Gallego Alcaraz,A (2448) Santa Clara 2017}) 9. Bb5+ Bd7 10. Bxd7+ Qxd7 11. Qe2 O-O 12. a3 $146 ({Predecessor:} 12. Bg5 Be7 13. Rd1 Qc7 {1-0 (42) Preuss,J (1640)-Kabisch,G (1705) GER email 2008}) 12... Nc6 13. b4 Be7 14. Rd1 Qc7 15. Bb2 Rfd8 16. Nbd2 Rac8 17. c4 a5 18. b5 Nb8 19. Be5 Qb6 20. Nb3 Nbd7 (20... Rxd1+ $15 21. Rxd1 Nbd7) 21. Bc3 Qc7 22. Nxa5 Ra8 {[%emt 0:01:16] [#]} 23. Bb4 $1 Nc5 24. Qe5 Qb6 25. Rxd8+ Rxd8 26. Qe2 Ra8 27. Bxc5 (27. Qe1 $1 $14) 27... Bxc5 28. Nb3 Rxa3 29. Rxa3 Bxa3 30. Qe3 Qxe3 31. fxe3 Ne4 32. Kf1 Nd6 33. Nfd2 b6 34. Ke2 e5 35. Kd3 (35. Nb1 $1 $14 Bb4 36. Kd3) 35... f5 36. e4 g6 37. c5 Bxc5 38. Nxc5 bxc5 39. b6 Kf7 40. Nc4 fxe4+ 41. Kc3 Ke6 42. Na5 Kd7 43. Kd2 g5 44. g4 h6 45. h3 c4 46. Ke3 (46. Kd1 {einziger Zug.} c3 47. Kc2) 46... c3 47. Ke2 Nb5 48. Ke3 Nd4 $19 49. Nc4 c2 50. Kd2 Kc6 51. Kc1 e3 52. Nxe3 Kxb6 53. Nc4+ Kc5 54. Nxe5 Kb4 55. Kb2 Kc5 56. Nf7 Kc4 57. Ne5+ Kd5 58. Nd3 Ke4 59. Kc3 Ke3 60. Nc1 Ne2+ 61. Nxe2 Kxe2 62. Kxc2 Kf3 63. Kd3 Kg3 64. Ke4 Kxh3 0-1

[Event "HUN-chT Youth-Children 2018"]
[Site "Zalakaros"]
[Date "2018.07.27"]
[Round "3"]
[White "Bohus, Adam"]
[Black "Kokeny, Norbert Adrian"]
[Result "1/2-1/2"]
[ECO "E16"]
[WhiteElo "2231"]
[BlackElo "2249"]
[Annotator "NA"]
[PlyCount "154"]
[EventDate "2018.07.26"]
[EventType "team-tourn"]
[EventCountry "HUN"]
[SourceTitle "playchess.com"]
[Source "ChessBase"]
[SourceQuality "1"]
[TimeControl "5400+30"]

1. d4 Nf6 2. c4 e6 3. Nf3 b6 4. g3 Bb7 5. Bg2 Bb4+ 6. Bd2 Qe7 7. O-O O-O 8. Nc3 Bxc3 9. Bxc3 Ne4 10. Qc2 Nxc3 11. Qxc3 d6 12. Qd3 {[%emt 0:12:56] E16: Queen's Indian: 4 g3 Bb7 5 Bg2 Bb4+} (12. Rfe1 Nd7 13. e4 e5 14. d5 a5 15. b3 Nc5 16. Nd2 Bc8 17. f4 Bd7 18. a3 Rfe8 19. b4 axb4 20. axb4 Na4 {1-0 (45) Hamitevici,V (2443)-Donchenko,A (2588) Vandoeuvre 2015}) 12... f5 13. Ne1 Bxg2 14. Nxg2 Nd7 15. e4 Qf7 $146 ({Predecessor:} 15... e5 16. exf5 exd4 17. Qxd4 Rxf5 18. Ne3 Rf7 19. Rae1 Qe5 {1-0 (46) Djukic,Z (2397)-Majstorovic,D (2041) Nis 2013}) 16. exf5 Qxf5 17. Qxf5 Rxf5 18. Nf4 Kf7 19. Rfe1 Re8 20. Re2 g5 21. Ng2 Kg6 22. Rae1 Rf6 23. h4 h6 24. hxg5 hxg5 25. f4 ({White should try} 25. Ne3 $14) 25... c6 26. fxg5 Kxg5 27. Nf4 e5 28. Kg2 Rh8 29. dxe5 Nxe5 30. Nh3+ Kg6 31. b3 Kg7 32. Rh1 Rfh6 33. Nf2 Rxh1 34. Nxh1 Kf6 35. Nf2 Kf5 36. Ne4 Rh6 37. Nd2 Ng4 38. Nf3 Ne5 39. Nxe5 dxe5 40. Kf3 Rg6 41. Rh2 e4+ 42. Kf2 Ke5 43. Rh7 a5 44. Rb7 Kd4 45. Rd7+ Kc3 46. Re7 Kd4 (46... Kb2 $17 47. c5 b5) 47. Rd7+ Kc5 48. Re7 Rg4 49. Rf7 Kb4 50. Rf4 e3+ 51. Kf3 e2 52. Kxe2 Rxg3 53. Rf6 Kc5 54. Rf5+ Kd4 55. Rf6 c5 56. Rxb6 Rg2+ 57. Kd1 Rxa2 58. Rb5 a4 59. bxa4 $11 Rxa4 60. Rb3 Kxc4 61. Rh3 Ra2 62. Kc1 Kb4 63. Rg3 Rh2 64. Rf3 c4 65. Rg3 Rh1+ 66. Kc2 Rh2+ 67. Kc1 Ra2 68. Rh3 Ra5 69. Kc2 Rc5 70. Rg3 Rh5 71. Rf3 Rh4 72. Rg3 c3 73. Rg8 Rh2+ 74. Kc1 Rb2 75. Rb8+ Ka3 76. Rxb2 cxb2+ 77. Kb1 Kb3 1/2-1/2

[Event "HUN-chT Youth-Children 2018"]
[Site "Zalakaros"]
[Date "2018.07.27"]
[Round "3"]
[White "Acs, Marton"]
[Black "Ugroczky, Peter"]
[Result "0-1"]
[ECO "A07"]
[WhiteElo "2204"]
[BlackElo "2247"]
[Annotator "NA"]
[PlyCount "68"]
[EventDate "2018.07.26"]
[EventType "team-tourn"]
[EventCountry "HUN"]
[SourceTitle "playchess.com"]
[Source "ChessBase"]
[SourceQuality "1"]
[TimeControl "5400+30"]

1. Nf3 Nf6 2. g3 d5 3. Bg2 c6 4. O-O Bg4 5. d4 e6 6. Nbd2 Be7 7. Re1 O-O 8. e4 Nbd7 9. c3 Bh5 10. Qb3 {[%emt 0:04:59] D02: 1 d4 d5 2 Nf3 sidelines, including 2...Nf6 3 g3 and 2...Nf6 3 Bf4} Qc7 11. exd5 cxd5 12. Nh4 $146 ({Predecessor:} 12. Nf1 Rfc8 13. Bf4 Qb6 14. Ne5 Nxe5 15. Bxe5 Bg6 16. Nd2 Nd7 17. Bf4 Bf6 {½-½ (17) Mirzoev,A (2543)-Krivoshey,S (2488) Salou 2008}) 12... Nb6 13. f4 Bg6 14. Bh3 Bd6 15. Ndf3 Be4 16. Ne5 Nfd7 17. Bg2 f5 ({Viel schlechter ist} 17... Nxe5 $6 18. fxe5 Be7 19. Bxe4 $14) 18. Nhf3 Nxe5 19. Nxe5 Bxe5 20. dxe5 Nc4 21. Be3 b5 22. Bd4 ({Reject} 22. Qxb5 Bxg2 23. Kxg2 Rfb8 $17) 22... Rab8 23. Re2 a5 24. Qd1 b4 25. b3 Na3 26. cxb4 axb4 27. Rc1 Qb7 28. Qd2 Rfc8 29. Bxe4 Rxc1+ 30. Qxc1 fxe4 31. Qe3 Rc8 32. Bc5 Qb5 33. Bd6 Nc2 34. Qd2 $19 Nd4 0-1

[Event "HUN-chT Youth-Children 2018"]
[Site "Zalakaros"]
[Date "2018.07.27"]
[Round "3"]
[White "Kovacs, Judit"]
[Black "Horvath, Balazs"]
[Result "1-0"]
[ECO "E90"]
[WhiteElo "2143"]
[BlackElo "2039"]
[Annotator "NA"]
[PlyCount "65"]
[EventDate "2018.07.26"]
[EventType "team-tourn"]
[EventCountry "HUN"]
[SourceTitle "playchess.com"]
[Source "ChessBase"]
[SourceQuality "1"]
[TimeControl "5400+30"]

1. d4 Nf6 2. c4 g6 3. Nc3 Bg7 4. e4 d6 5. Nf3 O-O 6. h3 e5 7. d5 Ne8 8. g4 {[%emt 0:06:18] E90: King's Indian: Classical: Early deviations and 6 h3} a5 (8... f5 9. gxf5 gxf5 10. Bg5 Bf6 {½-½ (10) Jovanovic,D (2407)-Zlatanovic,B (2398) Kragujevac 2014}) 9. Be2 Na6 10. Bg5 $146 ({Predecessor:} 10. Be3 Bd7 11. Qd2 a4 12. Bh6 Nc5 13. h4 Bxg4 14. h5 Bxf3 15. Bxf3 Qf6 {½-½ (57) Quinn,J (2150)-Wibe,P (1809) Gausdal 2006}) 10... f6 11. Be3 Nc5 12. Nd2 f5 13. gxf5 gxf5 14. h4 f4 15. Bxc5 dxc5 16. Qc2 Nd6 17. O-O-O Bd7 18. Rdg1 Kh8 19. Nf3 h6 {[%emt 0:04:06] [#]} 20. Ne1 $2 (20. Rxg7 $1 $18 Kxg7 21. Nxe5) 20... Rg8 21. Nf3 (21. h5 $14) 21... Bf6 22. Nb5 Bxb5 23. cxb5 b6 24. Ng5 Qe7 25. Bd3 Nf7 ({Black should try} 25... Bxg5 $11 26. hxg5 Rg6) 26. d6 Nxd6 27. Bc4 Rg7 $16 {[%emt 0:09:47] [#]} (27... Nxc4 $15 28. Qxc4 Rg6) 28. Bd5 $1 Re8 29. Qe2 Qf8 30. Ne6 Rxg1+ 31. Rxg1 Qe7 32. Qh5 Kh7 33. Qg6+ 1-0

[Event "HUN-chT Youth-Children 2018"]
[Site "Zalakaros"]
[Date "2018.07.27"]
[Round "3"]
[White "Dibusz, Domonkos"]
[Black "Baski, Barnabas"]
[Result "1-0"]
[ECO "C07"]
[WhiteElo "2076"]
[BlackElo "1740"]
[Annotator "NA"]
[PlyCount "119"]
[EventDate "2018.07.26"]
[EventType "team-tourn"]
[EventCountry "HUN"]
[SourceTitle "playchess.com"]
[Source "ChessBase"]
[SourceQuality "1"]
[TimeControl "5400+30"]

1. e4 e6 2. d4 d5 3. Nd2 c5 4. exd5 Qxd5 5. Ngf3 cxd4 6. Bc4 Qd7 {[%emt 0:00:23] C07: French Tarrasch: 3...c5, 4 Ngf3 and 4 exd5 Qxd5} 7. Qe2 Nc6 8. Nb3 Bd6 $146 ({Predecessor:} 8... a6 9. Bf4 Bb4+ 10. Nbd2 Nf6 11. O-O-O b5 12. Bd3 Nd5 13. Bg3 Bd6 14. Nb3 {1-0 (63) Jaracz,P (2496)-Fridman,D (2616) Trzcianka 2014}) 9. O-O a6 10. a4 Nge7 11. Rd1 Qc7 12. h3 O-O 13. Nbxd4 Nxd4 14. Nxd4 e5 15. Nf3 Bf5 16. Be3 Ng6 17. Bd5 Rae8 18. c4 Bc5 19. Rac1 Bxe3 20. fxe3 Be6 {[%emt 0:06:19] [#]} (20... Ne7 $11 {keeps the balance.}) 21. b4 (21. Ng5 $1 $16) 21... Bxd5 22. cxd5 Qb6 23. Qd2 Rd8 (23... e4 $11 {keeps the balance.} 24. Ne1 Qd6) 24. Rc5 (24. d6 $16) 24... Qd6 25. Ng5 h6 26. Ne4 Qd7 27. Qc2 Rc8 28. d6 Rfd8 29. Kh2 Rxc5 30. bxc5 Qc6 31. Qc4 Rd7 32. a5 Kh8 33. Rf1 f6 34. Qe6 Nf8 {[%emt 0:00:34] [#]} 35. Qe8 $1 Qxe4 36. Qxf8+ Kh7 37. Qc8 Qa4 38. Rb1 Qe4 39. Rb3 Qd5 40. Qxd7 Qxb3 41. Qf5+ Kg8 $18 42. Qc8+ Kh7 43. d7 Qxe3 44. d8=Q Qf4+ 45. Kg1 Qc1+ 46. Kf2 Qf4+ 47. Ke2 Qe4+ 48. Kd2 Qb4+ 49. Kd3 e4+ 50. Ke3 Qc3+ 51. Kxe4 Qe5+ 52. Kd3 Qg3+ 53. Kc4 Qf4+ 54. Qd4 Qc1+ 55. Kd5 Qg5+ 56. Ke6 f5 57. Kd6 Qg3+ 58. Kd7 Qxg2 59. Kc7 Qc6+ 60. Kb8 1-0

[Event "HUN-chT Youth-Children 2018"]
[Site "Zalakaros"]
[Date "2018.07.27"]
[Round "3"]
[White "Diller, Denis"]
[Black "Szabo, Andrea Erzsebet"]
[Result "1-0"]
[ECO "D43"]
[WhiteElo "2057"]
[BlackElo "1588"]
[Annotator "NA"]
[PlyCount "53"]
[EventDate "2018.07.26"]
[EventType "team-tourn"]
[EventCountry "HUN"]
[SourceTitle "playchess.com"]
[Source "ChessBase"]
[SourceQuality "1"]
[TimeControl "5400+30"]

1. d4 d5 2. c4 c6 3. Nc3 Nf6 4. Nf3 e6 5. Bg5 Be7 6. e3 Nbd7 7. Bd3 dxc4 8. Bxc4 Nb6 9. Bd3 Nfd5 10. Bxe7 Qxe7 11. O-O O-O 12. e4 {[%emt 0:03:37] D60: Damengambit (Hauptvariante)} (12. Rc1 Nd7 13. e4 Nf4 14. e5 f5 15. exf6 gxf6 16. Be4 f5 17. Bc2 Qg7 18. g3 b6 19. Qd2 Nh5 20. Qg5 Qxg5 21. Nxg5 {1-0 (41) Aghasaryan,R (2503)-Porfireanu,S (1903) Yerevan 2014}) 12... Nf4 13. Bc2 Nc4 $146 ({Vorgänger:} 13... Rd8 14. Qc1 Ng6 15. Rd1 Qf6 16. Bb3 a5 17. a3 a4 18. Ba2 Ra5 19. Qe3 Qf4 {1-0 (55) Voss,C (1933)-Thiery,J (1799) Germany 2017}) 14. Qc1 Ng6 15. Bd3 Nb6 16. Qe3 e5 17. Nxe5 Nxe5 18. dxe5 Qxe5 19. f4 Qe7 20. Rae1 Re8 21. e5 f6 {[%emt 0:07:05] [#]} (21... f5 $1 $14) 22. Qg3 (22. Ne4 $1 $16) 22... Qc5+ 23. Kh1 fxe5 $2 (23... f5 $16) 24. Ne4 Qe7 25. fxe5 $18 Kh8 26. Ng5 h6 27. Nf7+ 1-0

[Event "HUN-chT Youth-Children 2018"]
[Site "Zalakaros"]
[Date "2018.07.27"]
[Round "3"]
[White "Tancsa, Tamas"]
[Black "Fodor, Kornel"]
[Result "1-0"]
[ECO "B44"]
[WhiteElo "2023"]
[BlackElo "1794"]
[Annotator "NA"]
[PlyCount "65"]
[EventDate "2018.07.26"]
[EventType "team-tourn"]
[EventCountry "HUN"]
[SourceTitle "playchess.com"]
[Source "ChessBase"]
[SourceQuality "1"]
[TimeControl "5400+30"]

1. e4 c5 2. Nf3 e6 3. d4 cxd4 4. Nxd4 Nc6 5. Nb5 d6 6. c4 Nf6 7. N1c3 a6 8. Na3 d5 9. cxd5 exd5 10. exd5 Nb4 11. Bc4 {[%emt 0:00:44] B44: Sicilian: Taimanov: 5 Nb5} Bd6 $146 ({Predecessor:} 11... Bg4 12. Qd4 b5 13. Bb3 Bc5 14. Qe5+ Kf8 15. O-O Nd3 16. Qg3 Nxc1 17. Raxc1 Bd6 18. Qh4 b4 {0-1 (37) Konnyu,J (2370)-Szabolcsi,J (2357) Budapest 2011}) 12. O-O O-O 13. Bg5 Qc7 14. Bxf6 Bxh2+ 15. Kh1 gxf6 16. g3 Bxg3 17. fxg3 Kh8 18. Rf4 Rg8 19. Qh5 Rg5 20. Qh6 Rg6 21. Qf8+ Rg8 22. Qxb4 Rxg3 23. Qf8+ Rg8 24. Qh6 Rg6 25. Qh2 Bh3 26. Bf1 Bg4 27. Bd3 f5 28. Bxf5 Bxf5 29. Rxf5 Qxh2+ 30. Kxh2 Rag8 31. Rf3 Rg2+ 32. Kh1 $18 Rd2 33. Rg1 1-0

[Event "HUN-chT Youth-Children 2018"]
[Site "Zalakaros"]
[Date "2018.07.27"]
[Round "3"]
[White "Hegedus, Dominik"]
[Black "Reviczki, Roland"]
[Result "1/2-1/2"]
[ECO "B20"]
[WhiteElo "2005"]
[BlackElo "1931"]
[Annotator "NA"]
[PlyCount "59"]
[EventDate "2018.07.26"]
[EventType "team-tourn"]
[EventCountry "HUN"]
[SourceTitle "playchess.com"]
[Source "ChessBase"]
[SourceQuality "1"]
[TimeControl "5400+30"]

1. e4 c5 2. c4 Nc6 3. Ne2 e5 4. Nbc3 g6 5. d3 Bg7 6. g3 Nge7 7. Bg2 O-O 8. O-O f5 {[%emt 0:02:28] A36: Englische Eröffnung (Botwinnik-Variante)} (8... d6 9. f4 {Vorgänger:} f5 10. Be3 Nd4 11. Qd2 (11. Rb1 Nec6 12. Qd2 fxe4 13. Nxe4 Nf5 14. Bf2 Ncd4 15. fxe5 Bxe5 16. Nxd4 cxd4 17. Ng5 Qb6 {1-0 (40) Valdes Escobar,A (2302)-Guerrero,A (2154) Villa Martelli 2008}) 11... Rb8 12. Nd5 Nxd5 13. cxd5 b6 14. Kh1 fxe4 15. dxe4 Ba6 16. Bxd4 cxd4 17. Rf2 Rc8 18. Nc1 Rc7 19. Nd3 Bxd3 20. Qxd3 Qc8 21. Raf1 Rc1 22. Qd2 Rxf1+ 23. Bxf1 exf4 24. Rxf4 Bh6 {½-½ (24) Maltsevskaya,A (2276)-Kovalevskaya,E (2405) Moscow 2017}) 9. f4 fxe4 $146 10. Nxe4 d6 11. fxe5 Bxe5 12. Bh6 Rxf1+ 13. Qxf1 Nf5 14. Bg5 Qf8 15. g4 Nfd4 16. Qxf8+ Kxf8 17. Rf1+ Kg7 18. Nxd4 Nxd4 19. h3 Be6 20. Be7 $1 Ne2+ 21. Kf2 Nf4 22. Bxd6 Bd4+ 23. Kg3 $16 Nxd3 24. b3 Rd8 25. Bc7 Rd7 26. Ng5 Bg8 27. Bf4 Nxf4 28. Kxf4 h6 29. Nf3 b6 30. h4 1/2-1/2

[Event "HUN-chT Youth-Children 2018"]
[Site "Zalakaros"]
[Date "2018.07.27"]
[Round "3"]
[White "Gombocz, Zsofia"]
[Black "Juhasz, Judit"]
[Result "1-0"]
[ECO "B31"]
[WhiteElo "1996"]
[BlackElo "1877"]
[Annotator "NA"]
[PlyCount "133"]
[EventDate "2018.07.26"]
[EventType "team-tourn"]
[EventCountry "HUN"]
[SourceTitle "playchess.com"]
[Source "ChessBase"]
[SourceQuality "1"]
[TimeControl "5400+30"]

1. e4 c5 2. Nf3 Nc6 3. Bb5 g6 4. O-O Bg7 5. Re1 e5 6. c3 Nge7 7. d4 cxd4 8. cxd4 exd4 9. Na3 {[%emt 0:10:36] B31: Sicilian: 2...Nc6 3 Bb5 g6} a6 10. Bf1 d6 11. h3 O-O 12. Bf4 Be5 $146 (12... h6 $11) ({Predecessor:} 12... Be6 13. Qd2 Re8 14. Nc2 Qb6 15. Bxd6 Rad8 16. Ba3 a5 17. Bd3 h6 {0-1 (53) Gallegos,C (2430)-Alvarez Marquez,J (2385) San Cristobal 2008}) 13. Bh6 Re8 14. Bc4 Be6 15. Bxe6 fxe6 16. Qb3 Qd7 17. Nc4 Nc8 18. Nfxe5 dxe5 19. Qg3 Qc7 20. h4 b5 21. Nd2 Nd6 22. Nf3 Nf7 23. Bd2 Qe7 24. h5 Qf6 25. Rf1 (25. Rac1 $14 Rec8 26. Nh2) 25... Kh8 26. Ng5 Rg8 27. Nxf7+ Qxf7 28. h6 g5 $2 (28... Qd7 $14) 29. Rac1 Rgc8 30. Bxg5 Qg6 31. f4 Rg8 32. Qh4 $18 ({Weaker is} 32. Rxc6 exf4 33. Bxf4 (33. Qxf4 Qxg5 34. Qxg5 Rxg5 $16) 33... Qxg3 $16) 32... Raf8 33. Rxc6 exf4 34. Rxf4 Rxf4 35. Qxf4 Qxg5 36. Qxg5 Rxg5 37. Rxe6 Kg8 38. Rd6 Re5 39. Rxd4 Re6 40. Kf2 Kf7 41. Kf3 Rxh6 42. Rd2 Ke6 43. Ke3 Ke5 44. Rd5+ Ke6 45. Kf4 Rf6+ 46. Rf5 Rh6 47. b3 Rh4+ 48. Kf3 Rh1 49. Rc5 Kd6 50. Rc2 Rf1+ 51. Rf2 Rc1 52. Kf4 Ke6 53. g4 Rc7 54. Rh2 Rf7+ 55. Ke3 Rg7 56. Rh6+ Ke5 57. Rh5+ Ke6 58. Kf4 Rf7+ 59. Rf5 Rc7 60. g5 Rc1 61. Rf6+ Ke7 62. Rxa6 Rf1+ 63. Ke5 Rg1 64. Ra7+ Kf8 65. Rxh7 Rxg5+ 66. Kf6 Rg8 67. Rb7 1-0

[Event "HUN-chT Youth-Children 2018"]
[Site "Zalakaros"]
[Date "2018.07.27"]
[Round "3"]
[White "Hatala, Csaba Laszlo"]
[Black "Ocztos, Dominik"]
[Result "1-0"]
[ECO "C58"]
[WhiteElo "1958"]
[BlackElo "1910"]
[Annotator "NA"]
[PlyCount "105"]
[EventDate "2018.07.26"]
[EventType "team-tourn"]
[EventCountry "HUN"]
[SourceTitle "playchess.com"]
[Source "ChessBase"]
[SourceQuality "1"]
[TimeControl "5400+30"]

1. e4 e5 2. Nf3 Nc6 3. Bc4 Nf6 4. Ng5 d5 5. exd5 Na5 6. Bb5+ c6 7. dxc6 bxc6 8. Bd3 Bd6 {[%emt 0:01:25] C58: Two Knights: 4 Ng5 d5 5 exd5 Na5 sidelines} (8... Nd5 9. Nf3 Bd6 10. O-O O-O 11. Re1 f5 12. Nxe5 Qf6 13. Nf3 g5 14. g3 f4 15. Nc3 fxg3 16. hxg3 Nxc3 17. dxc3 {½-½ (52) Kovalev,V (2639)-Demchenko,A (2660) Riadh 2017}) 9. Nc3 h6 10. Nge4 Bc7 $146 ({Predecessor:} 10... Nb7 11. Nxf6+ Qxf6 12. Ne4 Qd8 13. b3 Nc5 14. Nxc5 Bxc5 15. Qf3 O-O 16. O-O {1-0 (54) Kompaan,R (1511)-Fan,Z (1424) Borne 2013}) 11. Nxf6+ Qxf6 12. Be4 O-O 13. O-O Qd6 14. g3 Bh3 15. Re1 f5 16. Bf3 e4 17. Bg2 Bxg2 18. Kxg2 Rae8 19. d3 Qg6 20. Kh1 c5 21. Nd5 Bb8 22. Bf4 ({Besser ist} 22. Be3 $16) 22... Qc6 23. dxe4 fxe4 (23... Bxf4 $16 24. gxf4 (24. Nxf4 fxe4 25. Kg1 g5 $14) 24... fxe4) 24. Bxb8 e3 25. fxe3 ({Weaker is} 25. Bxa7 exf2 26. Rf1 (26. Rxe8 Qxe8 27. Nf6+ Rxf6 $17) 26... Re5 $19) 25... Rxb8 26. Kg1 Rbe8 27. b3 Nb7 28. e4 Nd6 29. Qd3 Re5 (29... c4 $16 {keeps fighting.} 30. Qd4 Nb5 31. Qxc4 Qxc4 32. bxc4 Nd4) 30. c4 Rfe8 31. Nc3 Nf7 32. Rad1 Qg6 33. h4 Qg4 (33... Rh5 $16) 34. Kg2 $18 R5e6 35. Qf3 Qg6 36. Rf1 Re5 37. Rd2 Nd6 38. Re2 Qe6 39. Rff2 g6 40. Qf6 Nxe4 41. Qxe6+ R5xe6 42. Nxe4 Rxe4 43. Rxe4 Rxe4 44. Rd2 Re7 45. Kf3 Kf7 46. Rd6 Rc7 47. h5 gxh5 48. Rxh6 Kg7 49. Rxh5 a5 50. Ke4 a4 51. Rf5 axb3 52. axb3 Rb7 53. Rf3 1-0

[Event "HUN-chT Youth-Children 2018"]
[Site "Zalakaros"]
[Date "2018.07.27"]
[Round "3"]
[White "Birovecz, Ben Jordan"]
[Black "Losonczi, Marcell"]
[Result "0-1"]
[ECO "A53"]
[WhiteElo "1901"]
[BlackElo "2149"]
[Annotator "NA"]
[PlyCount "62"]
[EventDate "2018.07.26"]
[EventType "team-tourn"]
[EventCountry "HUN"]
[SourceTitle "playchess.com"]
[Source "ChessBase"]
[SourceQuality "1"]
[TimeControl "5400+30"]

1. d4 Nf6 2. c4 d6 3. Nc3 Nbd7 4. e4 e5 5. d5 Nc5 6. f3 Be7 {[%emt 0:01:02] A53: Old Indian Defence without Nf3} (6... a5 7. Be3 Be7 8. Nge2 c6 9. Nc1 O-O 10. Nd3 cxd5 11. cxd5 b6 12. Qd2 Nh5 13. O-O-O h6 14. g4 Nxd3+ 15. Bxd3 Nf4 16. Kb1 Nxd3 17. Qxd3 {1-0 (38) Battaglini,G (2473)-Smirin,I (2644) Jerusalem 2017}) 7. b4 Ncd7 8. Be3 h5 $146 ({Predecessor:} 8... Nh5 9. Nh3 Nf8 10. g4 Bh4+ 11. Kd2 Nf4 12. Nxf4 exf4 13. Bxf4 a5 14. b5 {½-½ (63) Kis,J (2175)-Sutorikhin,V (2365) Paks 1998}) 9. Nh3 O-O 10. Nf2 Nh7 11. Nd3 c6 12. a3 Bg5 13. Bf2 Nb6 14. Qb3 cxd5 15. cxd5 Bd7 16. h4 Bh6 17. Nb2 Rc8 18. Bd3 Qc7 19. Ne2 f5 $1 20. O-O (20. Ng3 $11 {remains equal.}) 20... fxe4 21. Bxe4 Nf6 22. Rad1 Nxe4 23. fxe4 Qc2 24. Nd4 exd4 25. Qxc2 Rxc2 26. Bxd4 Rxf1+ 27. Rxf1 Re2 28. Bxb6 axb6 29. Nc4 Rxe4 30. Nxd6 Be3+ 31. Kh2 Bf4+ $19 0-1

[Event "HUN-chT Youth-Children 2018"]
[Site "Zalakaros"]
[Date "2018.07.27"]
[Round "3"]
[White "Monduk, Ferenc"]
[Black "Kovacs, Bence"]
[Result "1-0"]
[ECO "A56"]
[WhiteElo "1870"]
[BlackElo "1994"]
[Annotator "NA"]
[PlyCount "99"]
[EventDate "2018.07.26"]
[EventType "team-tourn"]
[EventCountry "HUN"]
[SourceTitle "playchess.com"]
[Source "ChessBase"]
[SourceQuality "1"]
[TimeControl "5400+30"]

1. d4 Nf6 2. c4 c5 3. e3 g6 4. Nc3 Bg7 5. Nf3 O-O 6. Be2 cxd4 7. exd4 d5 8. c5 b6 {[%emt 0:15:08] E61: King's Indian: Early deviations for White, including Smyslov System} 9. O-O bxc5 (9... Ne4 10. cxb6 axb6 11. Qb3 Nc6 12. Be3 Na5 13. Qb4 Nc6 14. Qb3 Na5 15. Qb4 Nc6 16. Qb3 {½-½ (16) Srinath,R (2278)-Stankovic,M (2409) Novi Sad 2018}) 10. dxc5 Na6 $146 ({Predecessor:} 10... Nc6 11. Qa4 Bd7 12. Bb5 Qc7 13. Bf4 Qc8 14. Ne5 Nxe5 15. Bxe5 Bxb5 16. Qxb5 {1-0 (41) Byway,P (2115)-Timson,P (2123) Aberystwyth 2014}) 11. Bxa6 Bxa6 12. Re1 Rc8 13. Qa4 Bd3 14. Ne5 Bf5 15. Nc6 Rxc6 16. Qxc6 d4 17. Nd1 Qa5 18. Re2 Rc8 19. Qb7 Qxc5 20. Qxe7 Qb5 21. Qe5 $2 (21. a4 $17 Qa6 22. Re1) 21... Nd5 22. a4 Qxa4 23. Rxa4 Bxe5 24. Rxe5 Rxc1 25. Rxd4 Nb4 $18 26. Kf1 Nc6 27. Re8+ Kg7 28. Rd6 Bc2 29. Ke2 Ba4 30. Re4 Bxd1+ 31. Rxd1 Rc2+ 32. Rd2 Rc5 33. Re8 a5 34. Ra8 h5 35. Kd1 Nb4 36. g3 Nd5 37. Ke2 Nb6 38. Ra6 Nd5 39. Ra7 Kf6 40. f4 h4 41. Kf3 hxg3 42. hxg3 Rb5 43. Rd3 Ke6 44. b3 Rc5 45. g4 Rb5 46. Ra8 Nb4 47. Re3+ Kf6 48. g5+ Kg7 49. Ree8 f5 50. Ra7+ 1-0

[Event "HUN-chT Youth-Children 2018"]
[Site "Zalakaros"]
[Date "2018.07.27"]
[Round "3"]
[White "Lengyel, Andrea"]
[Black "Pasztor, Balazs"]
[Result "0-1"]
[ECO "A25"]
[WhiteElo "1854"]
[BlackElo "2072"]
[Annotator "NA"]
[PlyCount "121"]
[EventDate "2018.07.26"]
[EventType "team-tourn"]
[EventCountry "HUN"]
[SourceTitle "playchess.com"]
[Source "ChessBase"]
[SourceQuality "1"]
[TimeControl "5400+30"]

1. c4 e5 2. Nc3 Nc6 3. e3 Nge7 4. Nf3 f5 5. e4 d6 6. d4 fxe4 7. Nxe4 Bg4 8. d5 Nd4 9. Be2 Nxe2 10. Qxe2 Nf5 11. Qd3 h6 12. h3 Bxf3 13. Qxf3 g6 14. O-O Be7 15. Qd3 Qd7 16. f4 exf4 17. Rxf4 O-O-O 18. b3 Rhf8 19. Bb2 Rde8 20. Raf1 Qd8 21. g4 Nh4 22. Nf6 g5 23. Nxe8 Rxf4 24. Ng7 Qg8 (24... Qf8 $1 $14) 25. Ne6 Rf7 26. Rxf7 Qxf7 27. Qf1 Qg6 28. Nd4 Bf6 29. Ne6 Be7 30. Nd4 Qe4 31. Qe2 Qxe2 32. Nxe2 Nf3+ 33. Kg2 Ne1+ 34. Kf1 Nd3 35. Bg7 Kd7 36. Ng3 $11 ({White should try} 36. Bxh6 $16 c6 37. Nc3) 36... Nf4 37. h4 gxh4 38. Bxh6 Nxd5 39. Nf5 Nf6 40. Bg5 Bd8 41. Nh6 h3 42. Nf7 Be7 43. Bxf6 Bxf6 44. Kg1 Ke6 45. Nh6 Be5 46. g5 Bf4 47. Ng4 Kf5 48. Nh6+ Kxg5 49. Nf7+ Kf6 50. Nd8 b6 51. Nc6 a5 52. b4 axb4 53. Nxb4 Ke5 54. Nd5 c6 55. Nb4 Kd4 56. Nxc6+ Kxc4 57. a4 Kc5 58. Ne7 Be5 59. Nf5 Kb4 60. Ne7 Kxa4 61. Kf2 0-1

[Event "HUN-chT Youth-Children 2018"]
[Site "Zalakaros"]
[Date "2018.07.27"]
[Round "3"]
[White "Bako, Martin"]
[Black "Kovacs, Gabor Etele"]
[Result "1/2-1/2"]
[ECO "D44"]
[WhiteElo "1852"]
[BlackElo "1999"]
[Annotator "NA"]
[PlyCount "59"]
[EventDate "2018.07.26"]
[EventType "team-tourn"]
[EventCountry "HUN"]
[SourceTitle "playchess.com"]
[Source "ChessBase"]
[SourceQuality "1"]
[TimeControl "5400+30"]

1. d4 d5 2. c4 e6 3. Nc3 c6 4. Nf3 Nf6 5. Bg5 dxc4 6. e4 b5 7. e5 h6 8. Bh4 g5 9. Nxg5 hxg5 10. Bxg5 Be7 11. exf6 Bxf6 12. Bxf6 Qxf6 13. Ne4 {[%emt 0:02:04] D44: Damengambit (Botwinnik-Variante)} (13. g3 Na6 14. Bg2 Bb7 15. Ne4 Qe7 16. O-O O-O-O 17. h4 c5 18. a4 Rxd4 19. Qe2 b4 20. Rad1 Rhd8 21. Rxd4 Rxd4 22. Rc1 Bd5 23. Nd2 Nb8 24. Bxd5 Rxd5 25. Nxc4 {1-0 (43) Yu,Y (2751)-Dreev,A (2653) Riadh 2017}) 13... Qe7 14. g3 Na6 15. a3 Bb7 16. Bg2 $146 ({Vorgänger:} 16. Qe2 O-O-O 17. Rd1 c5 18. Bg2 f5 19. O-O Qh7 20. h4 Bxe4 21. Bxe4 fxe4 22. a4 Qxh4 {0-1 (22) Schenk,U-Rosenberger,F Porz 1994}) 16... O-O-O 17. O-O f5 18. Nd2 Rxd4 19. Qe2 Rhd8 20. Nf3 Re4 21. Qc2 Nc5 22. Rae1 Rxe1 23. Rxe1 Qd6 (23... Nd3 $17 24. Re2 c5) 24. Ng5 {[%emt 0:06:01] [#]} Qd2 $1 25. Qxd2 Rxd2 26. Nxe6 Nxe6 27. Rxe6 Rxb2 28. Kf1 c3 29. Re1 (29. Bh3 $142 Kc7 30. Re1) 29... c2 $17 (29... b4 $19 30. axb4 Ba6+ 31. Kg1 c2) 30. Bh3 1/2-1/2